 Dungeon Crawl Stone Soup version 0.23.2-33-g5129a83184 (webtiles) character file.

Game seed: 10191201740997074922

13015 psyvane the Transmogrifier (level 11, -6/95 HPs)
             Began as a White Draconian Transmuter on July 13, 2019.
             Was a Priest of Qazlal.
             Mangled by Snorg (17 damage)
             ... on level 11 of the Dungeon.
             The game lasted 01:01:38 (14752 turns).

psyvane the Transmogrifier (DrTm)                  Turns: 14752, Time: 01:01:43

Health: -6/95      AC:  8    Str: 15    XL:     11   Next: 70%
Magic:  21/21      EV: 12    Int: 13    God:    Qazlal [***...]
Gold:   265        SH:  4    Dex: 13    Spells: 1/24 levels left

rFire    x . .     SeeInvis .     - Unarmed
rCold    + + .     Gourm    .   (no shield)
rNeg     . . .     Faith    .   (armour unavailable)
rPois    .         Spirit   .   (helmet restricted)
rElec    .         Reflect  .   (no cloak)
rCorr    .         Harm     .   C - +0 pair of gloves
MR       .....                  (no boots)
Stlth    +.........             D - amulet of magic regeneration
HPRegen  0.25/turn              z - ring of wizardry
MPRegen  0.42/turn              p - ring of ice

@: about to teleport
A: breathe frost, unfitting armour, cold resistance 1, cold-blooded, AC +7
a: Breathe Frost, Upheaval, Elemental Force, Renounce Religion


You were on level 11 of the Dungeon.
You worshipped Qazlal.
Qazlal was most pleased with you.
You were not hungry.

You visited 1 branch of the dungeon, and saw 11 of its levels.

You collected 650 gold pieces.
You spent 385 gold pieces at shops.

Inventory:

Hand Weapons
 e - a +6 scythe of protection
 l - the +7 great sword "Asoewul" {flame, rElec Dex+4}
   (You took it off a centaur warrior on level 10 of the Dungeon)

   It has been specially enchanted to burn those struck by it, causing extra
   injury to most foes and up to half again as much damage against particularly
   susceptible opponents.
   Big, fiery blades are also staple armaments of hydra-hunters.
   It affects your dexterity (+4).
   It insulates you from electricity.
 J - the +1 hand crossbow of Malaise {penet, rElec rF+ Dex-4, unknown}
   (You found it on level 10 of the Dungeon)

   Ammo fired by it will pass through the targets it hits, potentially hitting
   all targets in its path until it reaches maximum range.
   It affects your dexterity (-4).
   It protects you from fire.
   It insulates you from electricity.
Missiles
 a - 259 arrows
Armour
 C - a +0 pair of gloves (worn)
Magical Staves
 F - an uncursed staff of summoning {unknown}
Jewellery
 i - an uncursed amulet of rage
 n - an uncursed ring of protection from magic
 p - a ring of ice (right hand)
 y - an uncursed ring of protection from fire
 z - a ring of wizardry (left hand)
 D - an amulet of magic regeneration (around neck)
Wands
 k - a wand of acid (7)
 m - a wand of disintegration (7)
 u - a wand of enslavement (4)
 v - a wand of paralysis (7)
 B - a wand of iceblast (12)
 H - a wand of polymorph (12)
 M - a wand of digging (1)
 P - a wand of scattershot (14)
Scrolls
 b - 2 scrolls of enchant weapon
 d - 4 scrolls of magic mapping
 g - a scroll of teleportation
 j - 2 scrolls of amnesia
 o - a scroll of fog {unknown}
 s - a scroll of acquirement {unknown}
 t - 6 scrolls of remove curse
 x - a scroll of silence {unknown}
 G - a scroll of enchant armour {unknown}
 I - a scroll of summoning {unknown}
Potions
 f - 2 potions of flight
 h - a potion of mutation
 q - a potion of magic
 r - a potion of haste
 w - a potion of cancellation
 A - a potion of brilliance
 E - 3 potions of degeneration {unknown}
 K - a potion of lignification
 L - 2 potions of berserk rage {unknown}
 O - 2 potions of curing
 R - a potion of agility {unknown}
Miscellaneous
 N - a phantom mirror
Comestibles
 c - 14 rations


   Skills:
 - Level 8.9 Fighting
 - Level 2.0 Dodging
 - Level 0.4 Stealth
 * Level 9.3 Unarmed Combat
 - Level 7.1 Spellcasting
 - Level 9.7 Transmutations
 - Level 7.4 Ice Magic
 - Level 2.1 Poison Magic
 - Level 4.9 Invocations
 - Level 1.8 Evocations


You had one spell level left.
You knew the following spells:

 Your Spells              Type           Power        Failure   Level  Hunger
a - Beastly Appendage     Tmut           ####..       1%          1    None
b - Spider Form           Tmut/Pois      ###.......   1%          3    ##.....
c - Sticks to Snakes      Tmut           ####....     1%          2    #......
d - Blade Hands           Tmut           ####......   3%          5    ######.
e - Freeze                Ice            ####         1%          1    None
f - Ozocubu's Armour      Chrm/Ice       ###.....     4%          3    ##.....
g - Summon Ice Beast      Ice/Summ       ###.....     13%         4    ####...
h - Shroud of Golubria    Chrm/Tloc      #.........   9%          2    #......
i - Song of Slaying       Chrm           #.......     9%          2    #......

Your spell library contained the following spells:

 Spells                   Type           Power        Failure   Level  Hunger
 Sting                    Conj/Pois      #...         4%          1    None
 Infusion                 Chrm           #...         6%          1    None
 Sandblast                Erth           #.....       6%          1    None
 Passwall                 Tmut/Erth      ###.....     1%          2    #......
 Throw Frost              Conj/Ice       ###...       1%          2    #......
 Ice Form                 Ice/Tmut       #####...     1%          4    ####...
 Poisonous Vapours        Pois/Air       #.....       6%          2    #......
 Petrify                  Tmut/Erth      ###.....     9%          4    ####...
 Throw Icicle             Conj/Ice       ###.....     13%         4    ####...
 Regeneration             Chrm/Necr      #.........   17%         3    ##.....
 Spectral Weapon          Hex/Chrm       #.......     17%         3    ##.....
 Stone Arrow              Conj/Erth      #.....       17%         3    ##.....
 Venom Bolt               Conj/Pois      #.........   69%         5    ######.
 Bolt of Magma            Conj/Fire/Erth #.........   82%         5    ######.
 Iskenderun's Battlesphe  Conj/Chrm      #.......     82%         5    ######.
 Lee's Rapid Deconstruct  Erth           #.........   82%         5    ######.
 Iron Shot                Conj/Erth      #.........   100%        6    #######
 Orb of Destruction       Conj           #.........   100%        7    #######
 Spellforged Servitor     Conj/Summ      #.........   100%        7    #######
 Shatter                  Erth           #.........   100%        9    #######


Dungeon Overview and Level Annotations

Branches:
Dungeon (11/15)            Temple (0/1) D:7            Lair (0/6) D:11
    Orc: D:9-12

Altars:
Ashenzari
Elyvilon
Fedhas
Gozag
Hepliaklqana
Nemelex Xobeh
Okawaru
Qazlal
Ru
Uskayaw
Xom
Yredelemnul

Shops:
D:7 :   D:10 %   D:11 (

Portals:
Trove: D:10 (lose all piety)

Annotations:
D:10 4 runed translucent doors, Statics's ghost, journeyman OpFi; bmj180's ghost, journeyman GrEE; doot's ghost, journeyman TeAE
D:11 Snorg


Innate Abilities, Weirdness & Mutations

You can breathe waves of freezing cold.
You can buffet flying creatures when you breathe cold.
Your icy white scales are hard. (AC +7)
You cannot fit into any form of body armour.
Your flesh is cold resistant. (rC+)
You are cold-blooded and may be slowed by cold attacks.


Message History

Snorg goes berserk!
You hear a shout!
You have got your breath back.
Snorg barely misses you. Snorg claws you! Snorg claws you but does no damage.
You block Snorg's attack. Snorg closely misses you. Snorg claws you!
Your hands revert to their normal proportions.
Your +0 pair of gloves unmelds from your body.
Snorg bites you!! Snorg claws you!!
* * * LOW HITPOINT WARNING * * *
You block Snorg's attack.
As you read the scroll of teleportation, it crumbles to dust.
You feel strangely unstable. You block Snorg's attack.
Snorg closely misses you. Snorg barely misses you.
You feel much better. Snorg bites you. Snorg closely misses you.
Snorg barely misses you. Snorg bites you!!
* * * LOW HITPOINT WARNING * * *
Snorg claws you.
* * * LOW HITPOINT WARNING * * *
Snorg claws you!
You die...

#### #...........#
#...........#
#...........#
##...##.....#
###.#.############
#...#....#..#....#
#.######.#..#.##.#
########.#
#.#..#.# .#
h..hE.h..#
#.@ยง.#.# T#
##########
###T##.# .# #
#....# .. # ######
## # # # # #


You could see Snorg (berserk).

Vanquished Creatures
  2 centaur warriors (D:10)
  A two-headed ogre (D:8)
  A tengu warrior (D:10)
  Nergalle (D:10)
  2 cyclopes
  Maurice (D:9)
  A centaur skeleton (D:10)
  A gargoyle (D:11)
  A kobold demonologist (D:10)
  2 trolls (D:11)
  Prince Ribbit (D:5)
  3 hornets (D:8)
  A hippogriff (D:10)
  Sigmund (D:2)
  A wyvern (D:7)
  A yak (D:10)
  A water elemental (D:11)
  A hungry ghost (D:11)
  A soldier ant (D:10)
  A water moccasin (D:10)
  An acid dragon (D:11)
  3 orc warriors
  4 sky beasts
  3 ice beasts
  4 phantoms
  2 eyes of draining (D:10)
  A black bear (D:10)
  6 centaurs
  3 ogres (D:10)
  2 wolves (D:11)
  2 big kobolds
  11 bullfrogs
  A wyvern zombie (D:9)
  A gnoll sergeant (D:10)
  2 scorpions
  3 howler monkeys
  2 electric eels (D:11)
  5 crimson imps
  2 centaur zombies (D:8)
  3 jellies
  A quasit (D:7)
  11 hounds
  2 orc priests (D:9)
  2 gnoll shamans
  10 orc wizards
  2 bullfrog skeletons
  6 iguanas
  Terence (D:2)
  8 worker ants
  3 killer bee zombies
  2 hound skeletons
  3 worker ant zombies
  8 gnolls
  8 adders
  3 shadow imps
  An ooze (D:4)
  An adder skeleton (D:10)
  2 worms
  4 dart slugs
  8 leopard geckos
  22 orcs
  7 giant cockroaches
  5 goblins
  8 hobgoblins
  18 jackals
  A quokka (D:8)
  A ball python (D:1)
  3 bats
  4 frilled lizards
  A jackal skeleton (D:7)
  9 kobolds
  8 rats
259 creatures vanquished.

Vanquished Creatures (collateral kills)
  A hound (D:11)
1 creature vanquished.

Grand Total: 260 creatures vanquished

Notes
Turn   | Place    | Note
-------+----------+-------------------------------------------
     0 | D:1      | psyvane the Draconian Transmuter began the quest for the
                  | Orb.
     0 | D:1      | Reached XP level 1. HP: 16/16 MP: 3/3
   110 | D:1      | Reached XP level 2. HP: 14/23 MP: 3/5
   769 | D:1      | Reached XP level 3. HP: 28/28 MP: 6/6
   929 | D:2      | Learned a level 3 spell: Spider Form
   932 | D:2      | Learned a level 2 spell: Sticks to Snakes
  1070 | D:2      | Found a stormy altar of Qazlal.
  1084 | D:2      | Became a worshipper of Qazlal Stormbringer
  1307 | D:2      | Noticed Terence
  1322 | D:2      | Killed Terence
  1554 | D:2      | Reached XP level 4. HP: 24/35 MP: 5/7
  1903 | D:2      | Found a sacrificial altar of Ru.
  1920 | D:2      | Reached skill level 5 in Unarmed Combat
  2087 | D:2      | Noticed Sigmund
  2155 | D:2      | Killed Sigmund
  2155 | D:2      | Reached XP level 5. HP: 5/40 MP: 1/8
  2155 | D:2      | Reached XP level 6. HP: 6/47 MP: 1/9
  2833 | D:3      | Reached skill level 1 in Poison Magic
  3111 | D:3      | Found a basalt altar of Yredelemnul.
  3113 | D:3      | Found a basalt altar of Yredelemnul.
  3113 | D:3      | Found a sparkling altar of Nemelex Xobeh.
  3115 | D:3      | Found an iron altar of Okawaru.
  3115 | D:3      | Found a shimmering altar of Xom.
  3115 | D:3      | Found a white marble altar of Elyvilon.
  3212 | D:4      | Found a hide-covered altar of Uskayaw.
  3215 | D:4      | Found a blossoming altar of Fedhas.
  3215 | D:4      | Found a hazy altar of Hepliaklqana.
  3797 | D:5      | Entered Level 5 of the Dungeon
  3913 | D:5      | Noticed an ice beast
  3926 | D:5      | Killed an ice beast
  3926 | D:5      | Your scales start taking on an icy white colour.
  3926 | D:5      | Reached XP level 7. HP: 32/52 MP: 6/10
  3926 | D:5      | Gained mutation: Your flesh is cold resistant. (rC+) [White
                  | Draconian growth]
  4357 | D:5      | Reached skill level 5 in Transmutations
  4552 | D:5      | Noticed Prince Ribbit
  4567 | D:5      | Killed Prince Ribbit
  5336 | D:6      | Reached XP level 8. HP: 53/59 MP: 2/11
  5818 | D:7      | Found a staircase to the Ecumenical Temple.
  5838 | D:7      | Reached * piety under Qazlal
  5953 | D:7      | Found Uhitigei's Book Shop.
  6690 | D:7      | Found a shattered altar of Ashenzari.
  6700 | D:7      | Found a white marble altar of Elyvilon.
  6924 | D:7      | Learned a level 5 spell: Blade Hands
  7851 | D:8      | Noticed a two-headed ogre
  8114 | D:7      | Bought a book of Frost for 385 gold pieces
  8295 | D:8      | Reached XP level 9. HP: 68/68 MP: 10/12
  8470 | D:8      | Paralysed by a hornet for 1 turns
  8472 | D:8      | Reached skill level 5 in Fighting
  8754 | D:8      | Killed a two-headed ogre
  8754 | D:8      | Reached skill level 1 in Evocations
  8992 | D:9      | Found a sparkling altar of Nemelex Xobeh.
  9053 | D:9      | Reached ** piety under Qazlal
  9241 | D:9      | Reached XP level 10. HP: 73/90 MP: 13/13
  9710 | D:9      | Found an opulent altar of Gozag.
 10051 | D:9      | Noticed Maurice
 10064 | D:9      | Killed Maurice
 10071 | D:9      | Learned a level 1 spell: Freeze
 10159 | D:10     | Entered Level 10 of the Dungeon
 10193 | D:10     | Found a runed translucent gate.
 10193 | D:10     | Found a runed translucent gate.
 10193 | D:10     | Found a runed translucent gate.
 10198 | D:10     | Noticed Statics's ghost (journeyman OpFi)
 10198 | D:10     | Noticed bmj180's ghost (journeyman GrEE)
 10198 | D:10     | Noticed doot's ghost (journeyman TeAE)
 10400 | D:10     | Reached skill level 1 in Ice Magic
 10597 | D:10     | Found Xawaann's Food Shoppe.
 10643 | D:10     | Found a runed translucent door.
 10644 | D:10     | Found a runed translucent door.
 10644 | D:10     | Noticed a tengu warrior
 10647 | D:10     | Found a runed translucent door.
 10681 | D:10     | Killed a tengu warrior
 10681 | D:10     | Reached skill level 5 in Ice Magic
 11016 | D:10     | Reached *** piety under Qazlal
 11154 | D:10     | Found a portal to a secret trove of treasure.
 11549 | D:10     | Noticed a cyclops
 11611 | D:10     | Killed a cyclops
 11611 | D:10     | Reached skill level 1 in Invocations
 11950 | D:10     | Reached XP level 11. HP: 94/95 MP: 16/16
 12149 | D:10     | Identified the +7 great sword "Asoewul" {flame, rElec
                  | Dex+4}
 12149 | D:10     | Noticed a centaur warrior
 12165 | D:10     | Killed a centaur warrior
 12165 | D:10     | Reached skill level 5 in Spellcasting
 12339 | D:10     | Noticed Nergalle
 12348 | D:10     | Killed Nergalle
 12371 | D:10     | Learned a level 3 spell: Ozocubu's Armour
 12376 | D:10     | Learned a level 4 spell: Summon Ice Beast
 12379 | D:10     | Learned a level 2 spell: Shroud of Golubria
 12414 | D:10     | Noticed a centaur warrior
 12422 | D:10     | Killed a centaur warrior
 12788 | D:10     | Identified the Incunabulum of Cankerous Clay
 12797 | D:10     | Got an encrusted hand crossbow
 13091 | D:11     | Found Ohojaom's Weapon Shoppe.
 13595 | D:11     | Found a staircase to the Lair.
 14258 | D:11     | Learned a level 2 spell: Song of Slaying
 14739 | D:11     | Noticed Snorg
 14752 | D:11     | Mangled by Snorg

Skill      XL: |  1  2  3  4  5  6  7  8  9 10 11 |
---------------+----------------------------------+-----
Dodging        | 2 |  2.0
Unarmed Combat | 4 6 8 9 |  9.3
Poison Magic   | 2 |  2.1
Transmutations | 4 6 9 |  9.7
Fighting       | 2 8 |  8.9
Evocations     | 1 |  1.8
Ice Magic      | 7 |  7.4
Spellcasting   | 3 7 |  7.1
Invocations    | 1 4 |  4.9
Stealth        | |  0.4

Action                   |  1- 3 |  4- 6 |  7- 9 | 10-12 || total
-------------------------+-------+-------+-------+-------++-------
Melee: Unarmed           |   106 |   170 |   304 |   324 ||   904
       Headbutt          |     7 |    11 |    14 |     5 ||    37
       Kick              |     2 |    19 |    11 |    21 ||    53
       Tailslap          |    11 |    11 |    26 |    40 ||    88
       Punch             |     1 |     3 |     5 |    14 ||    23
 Cast: Beastly Appendage |    14 |    22 |    28 |    23 ||    87
       Spider Form       |     2 |     3 |    13 |       ||    18
       Sticks to Snakes  |     1 |     4 |     3 |       ||     8
       Blade Hands       |       |       |     9 |    29 ||    38
Invok: Upheaval          |       |       |       |     2 ||     2
       Elemental Force   |       |       |       |     1 ||     1
 Abil: Breathe Frost     |       |       |     5 |     7 ||    12
       Evoke Berserk Rag |       |       |     1 |       ||     1
       End Transformatio |       |       |       |     1 ||     1
Evoke: Wand              |       |       |     1 |       ||     1
  Use: Scroll            |     7 |     2 |     9 |     8 ||    26
       Potion            |       |     4 |     2 |     7 ||    13
 Stab: Sleeping          |     1 |     1 |       |       ||     2
       Paralysed         |       |     3 |       |       ||     3
       Invisible         |       |     2 |       |       ||     2
       Distracted        |       |       |     1 |       ||     1
  Eat: Chunk             |     3 |     8 |    22 |    20 ||    53
       Ration            |       |       |     1 |     3 ||     4
Armor: Skin              |    30 |    47 |    46 |    91 ||   214
Dodge: Dodged            |    61 |    97 |   201 |   165 ||   524
Block: Other             |       |       |     8 |    51 ||    59
